 Dungeon Crawl Stone Soup version 0.13.1-2-gfb2c2b7 (webtiles) character file.

75 Atarun the Cutter (level 3, -1/26 HPs)
             Began as a Halfling Berserker on Dec 1, 2013.
             Was a Believer of Trog.
             Killed from afar by Sigmund (15 damage)
             ... with a puff of flame
             ... on Level 2 of the Dungeon.
             The game lasted 00:14:08 (1876 turns).

Atarun the Cutter (Halfling Berserker)              Turns: 1876, Time: 00:14:08

HP  -1/26        AC  5     Str 15      XL: 3   Next: 92%
MP   2/2         EV 11     Int  7      God: Trog [**....]
Gold 29          SH  0     Dex 15      Spells:  0 memorised,  2 levels left

Res.Fire  : x . .   See Invis. : .   b - +0 sling
Res.Cold  : + . .   Warding    : .   q - +0 ring mail
Life Prot.: . . .   Conserve   : .   (no shield)
Res.Poison: .       Res.Corr.  : .   (no helmet)
Res.Elec. : .       Clarity    : .   (no cloak)
Sust.Abil.: . .     Spirit.Shd : .   (no gloves)
Res.Mut.  : .       Stasis     : .   (no boots)
Res.Rott. : .       Flight     : .   o - amulet of faith
Saprovore : . . .                    (no ring)
                                     e - ring of ice

@: not resistant to hostile enchantments, fairly stealthy
A: mutation resistance 1, slow metabolism 1
a: Burn Spellbooks, Berserk, Trog's Hand, Renounce Religion


You were on level 2 of the Dungeon.
You worshipped Trog.
Trog was pleased with you.
You were not hungry.

You visited 1 branch of the dungeon, and saw 2 of its levels.

You collected 9 gold pieces.

Inventory:

Hand weapons
 a - a +0,+0 short sword
 b - a +0,+0 sling (weapon)
 h - a +0,+0 dagger
 i - a +0,+0 short sword
 m - a +2,+0 elven dagger
Missiles
 d - 35 darts
 f - 20 bolts
 l - 9 poisoned needles
 n - 3 stones (quivered)
 p - 26 arrows
 r - 19 poisoned arrows
Armour
 q - a +0 ring mail (worn)
Comestibles
 g - a pear
 j - a banana
Jewellery
 e - a ring of ice (left hand)
 o - an amulet of faith (around neck)
Potions
 c - a potion of heal wounds
 k - a potion of agility


   Skills:
 + Level 2.6 Fighting
 + Level 4.0 Short Blades
 + Level 0.8 Slings
 + Level 3.1 Throwing
 + Level 1.5 Armour
 + Level 2.4 Dodging
 + Level 2.7 Stealth


You had 2 spell levels left.
You didn't know any spells.

Dungeon Overview and Level Annotations

Branches:
Dungeon (2/27)

Altars:

Annotations:
D:2 Sigmund


Innate Abilities, Weirdness & Mutations

You are small and have problems with some larger weapons.
You are somewhat resistant to further mutation.
You have a slow metabolism.


Message History

Sigmund hits you from afar with a scythe.
Firing (i - inventory. (,) - cycle):
n - 6 stones (quivered)
Press: ? - help, Shift-Dir - straight line, f/p - Sigmund
Aim: Sigmund, wielding a scythe and wearing a robe (lightly wounded)
You shoot a stone. The stone misses Sigmund.
Sigmund misses you.
Firing (i - inventory. (,) - cycle):
n - 5 stones (quivered)
Press: ? - help, Shift-Dir - straight line, f/p - Sigmund
Aim: Sigmund, wielding a scythe and wearing a robe (lightly wounded)
You shoot a stone. The stone hits Sigmund.
Sigmund is lightly wounded.
Firing (i - inventory. (,) - cycle):
n - 4 stones (quivered)
Press: ? - help, Shift-Dir - straight line, f/p - Sigmund
Aim: Sigmund, wielding a scythe and wearing a robe (lightly wounded)
You shoot a stone. The stone misses Sigmund.
Sigmund barely misses you.
Sigmund gestures wildly while chanting.
Sigmund flickers and vanishes!
Deactivating autopickup; reactivate with Ctrl-A.
The puff of flame hits you! The fire burns you terribly!
Ouch! That really hurt!
You die...

#.........# ####.###.#####
......##.# ####### #.#.#.##.# ###
....... .........# #.###.#.#.#.
#.#.#.##.# #####............
.......#.### #.#.......#.#....
#.#.#......######................
.......>........@..S......(.....
#.#.#...............#......(..(.
.............#.##.#.........(...
..<..........#.##.#.#........(.
..#.....................######
...........#.#.#.#....#.#
........................#
.###.......#.#.#.#.##.# ##
####.##.........# #


You could see an adder.

Vanquished Creatures
  A worm (D:2)
  3 giant geckos
  2 giant cockroaches
  2 goblins (D:1)
  6 hobgoblins
  7 kobolds
  5 bats
  2 giant newts (D:1)
  3 jackals (D:1)
  5 rats
36 creatures vanquished.

Notes
Turn   | Place    | Note
--------------------------------------------------------------
     0 | D:1      | Atarun, the Halfling Berserker, began the quest for the Orb.
     0 | D:1      | Reached XP level 1. HP: 16/16 MP: 0/0
    53 | D:1      | Reached skill level 1 in Throwing
    80 | D:1      | Reached skill level 1 in Stealth
    85 | D:1      | Reached XP level 2. HP: 14/21 MP: 1/1
   829 | D:1      | Acquired Trog's second power
   842 | D:1      | Reached XP level 3. HP: 22/26 MP: 2/2
  1856 | D:2      | Noticed Sigmund
  1876 | D:2      | Killed from afar by Sigmund

Action                   || total
-------------------------++-------
Melee: Short sword       ||    69
 Fire: Sling             ||    30
Throw: Dart              ||    89
Invok: Berserk           ||     1
       Trog's Hand       ||     1
  Use: Potion            ||     5
       Scroll            ||     3
 Stab: Sleeping          ||     1
